 Dungeon Crawl Stone Soup version 0.27-a0-1136-g0b992a5a9d (webtiles) character file.

Game seed: 15680237114785313782

83 Autarch the Covered (level 4, -8/40 HPs)
             Began as a Hill Orc Fighter on May 4, 2021.
             Killed by divine providence
             ... invoked by an orc priest
              (15 damage)
             ... on level 3 of the Dungeon.
             The game lasted 00:18:35 (2949 turns).

Autarch the Covered (Hill Orc Fighter)              Turns: 2949, Time: 00:18:35

Health: -8/40      AC: 10    Str: 19    XL:     4   Next: 44%
Magic:  4/4        EV:  7    Int:  8    God:
Gold:   79         SH:  9    Dex: 10    Spells: 3/3 levels left

rFire    . . .     SeeInvis .   a - +0 rapier
rCold    . . .     Faith    .   c - +0 kite shield
rNeg     . . .     Spirit   .   b - +0 scale mail
rPois    .         Reflect  .   g - +2 helmet
rElec    .         Harm     .   (no cloak)
rCorr    .         Rampage  .   (no gloves)
Will     .....                  (no boots)
Stlth    ..........             (no amulet)
HPRegen  0.13/turn              (no ring)
MPRegen  0.09/turn              (no ring)

@: no status effects
A: no striking features
a: Convert to Beogh


You were on level 3 of the Dungeon.
You visited 1 branch of the dungeon, and saw 3 of its levels.

You collected 79 gold pieces.

Inventory:

Hand Weapons
 a - a +0 rapier (weapon)
 e - a +0 dagger
 j - a +0 dagger
 k - a +0 dagger
 l - a +0 dagger
 m - a +0 short sword
Armour
 b - a +0 scale mail (worn)
 c - a +0 kite shield (worn)
 g - a +2 helmet (worn)
 o - a +0 ring mail
 q - a +0 hat of willpower
 s - a +0 robe
 t - a +1 pair of boots
Scrolls
 d - 2 scrolls of immolation {unknown}
 n - a scroll of teleportation {unknown}
 r - a scroll of identify {unknown}
Potions
 f - a potion of might
 h - a potion of lignification {unknown}
 i - 2 potions of mutation {unknown}
 p - a potion of curing {unknown}


   Skills:
 + Level 3.7 Fighting
 + Level 3.1 Short Blades
 + Level 4.1 Armour
 + Level 0.4 Dodging
 + Level 0.1 Stealth
 + Level 3.9 Shields


You had 3 spell levels left.
You didn't know any spells.
Your spell library was empty.

Dungeon Overview and Level Annotations

Branches:
Dungeon (3/15)

Altars:

Annotations:
D:3 Terence


Message History

You are too injured to fight recklessly!
You are too injured to fight recklessly!
You are too injured to fight recklessly!
You are too injured to fight recklessly!
You are too injured to fight recklessly!
Terence hits you from afar with a +0 trident.
Found a stone staircase leading down.
You see here a +1 pair of boots.
t - a +1 pair of boots Terence says, "Don't bother to defend, it's senseless."
There is a stone staircase leading down here.
An orc priest comes into view. It is wielding a +0 mace.
The orc priest shouts, "Surrender to Beogh and we'll let you live!" (press Y on the ability menu to convert to Beogh)
A bat and an orc come into view.
The orc is wielding a +2 whip of freezing.
The orc shouts!
The orc priest threatens, "By the altar or by the axe, you will meet Beogh!"
An orc comes into view. It is wielding a +1 whip of draining.
The bat closely misses you.
An orc priest comes into view. It is wielding a +0 flail.
The orc priest hits you with a +0 mace.
The orc priest shouts!
You block the bat's attack. Terence closely misses you.
The bat hits you but does no damage.
The orc priest begins to cast a cantrip, but forgets the words!
You block the bat's attack.
The orc priest shouts, "Join the one true god or die!"
The orc priest invokes the aid of Beogh against you.
Beogh smites you!
* * * LOW HITPOINT WARNING * * *
A hobgoblin comes into view.
Your scale mail prevents you from hitting the hobgoblin.
The orc priest hits you with a +0 mace.
* * * LOW HITPOINT WARNING * * *
You block the hobgoblin's attack.
You barely miss the hobgoblin.
The orc priest invokes the aid of Beogh against you.
Beogh smites you!
You die...

..........#
#.#
#.#####...##
#.# #.## #.#
##.## #.#
...# #.#
###.# #.#
#o.# #.#
#...# #.#
#.o# #.#
#.### #.#
#.o# #.# #.#
#.# #..# #g#
#.# #.#
#..######@#
#.# #.###
#..ooo@bo.#
#<# #....
##.########
#.# ####.
#.# #.# #.
#.# #.# ##.
#.# #.# ##..
#.# #.# #...
#.# #.# #...
#.# ..# #.##


You could see Terence, 2 orc priests, 2 orcs, a hobgoblin and a bat.

Vanquished Creatures
  Robin (D:2)
  An adder (D:2)
  2 worms (D:2)
  A dart slug (D:2)
  4 ball pythons
  5 endoplasms
  2 giant cockroaches (D:2)
  13 goblins
  8 hobgoblins
  2 jackals (D:2)
  A quokka (D:1)
  2 bats
  3 frilled lizards
  2 kobolds (D:2)
  2 rats
  A bush (D:1)
50 creatures vanquished.

Notes
Turn   | Place    | Note
-------+----------+-------------------------------------------
     0 | D:1      | Autarch the Hill Orc Fighter began the quest for the Orb.
     0 | D:1      | Reached XP level 1. HP: 19/19 MP: 1/1
   830 | D:1      | Reached XP level 2. HP: 19/27 MP: 2/2
  1504 | D:2      | Reached XP level 3. HP: 11/33 MP: 3/3
  1558 | D:2      | Reached skill level 4 in Armour
  1856 | D:2      | Noticed Robin
  1893 | D:2      | Killed Robin
  1894 | D:2      | Reached XP level 4. HP: 21/40 MP: 4/4
  2372 | D:2      | Found a faded altar of an unknown god.
  2898 | D:3      | Noticed Terence
  2949 | D:3      | Killed from afar by an orc priest

Illustrated notes

Levels and vault maps discovered:
D:1:      dpeg_arrival_tiny_f, layout_loops_cross, minmay_hedge_maze
D:2:      layout_basic, ebering_ecumenical_altar_webs, uniq_robin
D:3:      layout_loops_ring, uniq_terence

Skill      XL: |  1  2  3  4 |
---------------+-------------+-----
Armour         | 4 |  4.1
Short Blades   | 3 |  3.1
Fighting       | |  3.7
Dodging        | |  0.4
Stealth        | |  0.1
Shields        | |  3.9

Action                   |  1- 3 |  4- 6 || total
-------------------------+-------+-------++-------
Melee: Rapier            |   324 |    54 ||   378
Armor: Scale mail        |    72 |    13 ||    85
Dodge: Dodged            |    51 |    15 ||    66
Block: Kite shield       |    92 |    20 ||   112

Table legend: (Time is in decaauts)
 A = Elapsed time spent in this place.
 B = Non-inter-level travel time spent in this place.
 C = Inter-level travel time spent in this place.
 D = Time resting spent in this place.
 E = Time spent auto-exploring this place.
 F = Levels seen in this place.
 G = Mean time per level.
                   A        B        C        D        E       F      G
               +--------+--------+--------+--------+--------+-----+--------+
         Total |   3069 |   2765 |    304 |     99 |   1416 |   3 | 1023.0 |
       Dungeon |   3069 |   2765 |    304 |     99 |   1416 |   3 | 1023.0 |
               +--------+--------+--------+--------+--------+-----+--------+

Top non-repeatable levels by time:
     D:1: 1548 daAuts
     D:2: 1372 daAuts
     D:3: 148 daAuts
